 Dungeon Crawl Stone Soup version 0.24.0-123-gd5b16e6ec5 (webtiles) character file.

Game seed: 7973410172428020326, levelgen mode: deterministic

133 FishyPogo the Charmwright (level 5, 0/43 HPs)
             Began as a Gnoll Skald on Dec 24, 2019.
             Slain by Crazy Yiuf
             ... wielding a +4 quarterstaff of chaos
              (7 damage)
             ... on level 2 of the Dungeon.
             The game lasted 00:05:36 (1173 turns).

FishyPogo the Charmwright (Gnoll Skald)             Turns: 1173, Time: 00:05:37

Health: 0/43       AC:  3    Str: 14    XL:     5   Next: 16%
Magic:  5/12       EV: 14    Int: 16    God:
Gold:   109        SH:  0    Dex: 14    Spells: 3/14 levels left

rFire    . . .     SeeInvis .   a - +0 short sword
rCold    . . .     Gourm    .   (no shield)
rNeg     . . .     Faith    .   b - +0 leather armour
rPois    .         Spirit   .   (no helmet)
rElec    .         Reflect  .   (no cloak)
rCorr    .         Harm     .   (no gloves)
MR       .....                  (no boots)
Stlth    +.........             (no amulet)
HPRegen  1.14/turn              (no ring)
MPRegen  0.13/turn              (no ring)

@: lethally poisoned (0 -> -1), regenerating, slowed, lightly drained, very slow
A: distributed training, fangs 1, strong nose
a: no special abilities


You were on level 2 of the Dungeon.
You were not hungry.

You visited 1 branch of the dungeon, and saw 2 of its levels.

You collected 109 gold pieces.

Inventory:

Hand Weapons
 a - a +0 short sword (weapon)
 o - a +0 mace of holy wrath
 p - a +2 mace of draining
Missiles
 h - 71 stones (quivered)
Armour
 b - a +0 leather armour (worn)
 f - a cursed +0 robe
Wands
 m - a wand of polymorph (7)
Scrolls
 e - 2 scrolls of teleportation {unknown}
 g - a scroll of remove curse {unknown}
 i - 4 scrolls of identify {unknown}
 k - a scroll of enchant armour {unknown}
 l - a scroll of amnesia {unknown}
Potions
 c - a potion of mutation {unknown}
 j - a potion of cancellation {unknown}
Comestibles
 d - 3 rations
 n - 2 chunks of flesh


   Skills:
 + Level 4.7(4.4) Fighting
 + Level 4.7(4.4) Short Blades
 + Level 1.3(1.0) Long Blades
 + Level 1.3(1.0) Axes
 + Level 1.3(1.0) Maces & Flails
 + Level 1.3(1.0) Polearms
 + Level 1.3(1.0) Staves
 + Level 1.3(1.0) Slings
 + Level 1.3(1.0) Bows
 + Level 1.3(1.0) Crossbows
 + Level 1.3(1.0) Throwing
 + Level 2.9(2.6) Armour
 + Level 4.7(4.4) Dodging
 + Level 1.3(1.0) Stealth
 + Level 1.3(1.0) Shields
 + Level 1.3(1.0) Unarmed Combat
 + Level 5.1(4.8) Spellcasting
 + Level 1.1(0.8) Conjurations
 + Level 1.1(0.8) Hexes
 + Level 5.5(5.2) Charms
 + Level 1.1(0.8) Summonings
 + Level 1.1(0.8) Necromancy
 + Level 1.1(0.8) Translocations
 + Level 1.1(0.8) Transmutations
 + Level 1.1(0.8) Fire Magic
 + Level 1.1(0.8) Ice Magic
 + Level 1.1(0.8) Air Magic
 + Level 1.1(0.8) Earth Magic
 + Level 1.1(0.8) Poison Magic
 + Level 1.5(1.2) Invocations
 + Level 1.3(1.0) Evocations


You had 3 spell levels left.
You knew the following spells:

 Your Spells              Type           Power        Failure   Level  Hunger
h - Regeneration          Chrm/Necr      ##........   17%         3    ###....
n - Spectral Weapon       Hex/Chrm       ##......     17%         3    ###....
p - Shroud of Golubria    Chrm/Tloc      ##....       9%          2    ##.....
u - Song of Slaying       Chrm           ###.....     3%          2    ##.....
y - Infusion              Chrm           ###.         2%          1    None

Your spell library contained the following spells:

 Spells                   Type           Power        Failure   Level  Hunger


Dungeon Overview and Level Annotations

Branches:
Dungeon (2/15)

Altars:
Ashenzari

Annotations:
D:2 Crazy Yiuf


Innate Abilities, Weirdness & Mutations

Your experience applies equally to all skills.
You have very sharp teeth.
Your uncanny sense of smell can sniff out nearby items.


Message History

Confirm with . or Enter, or press ? or * to list all spells.
Your skin crawls.
Crazy Yiuf hits you with a +4 quarterstaff of chaos!
Your shroud falls apart!
You feel yourself slow down.
You barely miss Crazy Yiuf.
Your spectral weapon hits Crazy Yiuf but does no damage.
Crazy Yiuf hits you with a +4 quarterstaff of chaos!
You are poisoned.
You feel sick.
Crazy Yiuf hits you with a +4 quarterstaff of chaos!
* * * LOW HITPOINT WARNING * * *
You are more poisoned.
Unknown command.
You hit Crazy Yiuf.
Crazy Yiuf is lightly wounded.
You feel sick.
Your spectral weapon hits Crazy Yiuf.
Crazy Yiuf whimpers, "Gum!
Pitchfork shoe hog."
Crazy Yiuf hits you with a +4 quarterstaff of chaos!
You die...

######..#
#######...#
##.#
#..........
#.#
#..........
#.##
#..........
#..##
#..........
##...#
#..........
#....#
#..........
#....#
............
#...@#
#...#####....
#)(g## #...
####. ##)##
#. #)## #.
##.# #. #g##
#. ##)# #<
#'# ## )))


You could see Crazy Yiuf and a friendly spectral +0 short sword.

Vanquished Creatures
  A sky beast (D:2)
  A worm (D:2)
  2 dart slugs
  2 leopard geckos (D:1)
  2 ball pythons
  A giant cockroach (D:1)
  6 goblins
  3 hobgoblins
  2 jackals (D:1)
  2 quokkas (D:2)
  5 bats
  3 frilled lizards
  2 kobolds
  5 rats
37 creatures vanquished.

Notes
Turn   | Place    | Note
-------+----------+-------------------------------------------
     0 | D:1      | FishyPogo the Gnoll Skald began the quest for the Orb.
     0 | D:1      | Reached XP level 1. HP: 20/20 MP: 6/6
   117 | D:1      | Reached XP level 2. HP: 23/26 MP: 7/7
   175 | D:1      | Learned a level 2 spell: Song of Slaying
   178 | D:1      | Learned a level 2 spell: Shroud of Golubria
   309 | D:1      | Reached XP level 3. HP: 26/31 MP: 5/9
   323 | D:1      | Reached skill level 5 in Spellcasting
   747 | D:2      | Noticed a sky beast
   850 | D:2      | Learned a level 3 spell: Regeneration
   854 | D:2      | Learned a level 3 spell: Spectral Weapon
   872 | D:2      | Killed a sky beast
   872 | D:2      | Reached skill level 1 in Long Blades
   872 | D:2      | Reached skill level 1 in Axes
   872 | D:2      | Reached skill level 1 in Maces & Flails
   872 | D:2      | Reached skill level 1 in Polearms
   872 | D:2      | Reached skill level 1 in Staves
   872 | D:2      | Reached skill level 1 in Slings
   872 | D:2      | Reached skill level 1 in Bows
   872 | D:2      | Reached skill level 1 in Crossbows
   872 | D:2      | Reached skill level 1 in Throwing
   872 | D:2      | Reached skill level 1 in Stealth
   872 | D:2      | Reached skill level 1 in Shields
   872 | D:2      | Reached skill level 1 in Unarmed Combat
   872 | D:2      | Reached skill level 1 in Conjurations
   872 | D:2      | Reached skill level 1 in Hexes
   872 | D:2      | Reached skill level 1 in Summonings
   872 | D:2      | Reached skill level 1 in Necromancy
   872 | D:2      | Reached skill level 1 in Translocations
   872 | D:2      | Reached skill level 1 in Transmutations
   872 | D:2      | Reached skill level 1 in Fire Magic
   872 | D:2      | Reached skill level 1 in Ice Magic
   872 | D:2      | Reached skill level 1 in Air Magic
   872 | D:2      | Reached skill level 1 in Earth Magic
   872 | D:2      | Reached skill level 1 in Poison Magic
   872 | D:2      | Reached skill level 1 in Invocations
   872 | D:2      | Reached skill level 1 in Evocations
   872 | D:2      | Reached XP level 4. HP: 26/38 MP: 0/11
   872 | D:2      | Reached XP level 5. HP: 29/43 MP: 0/12
   990 | D:2      | Found a shattered altar of Ashenzari.
  1155 | D:2      | Found a runed translucent door.
  1156 | D:2      | Noticed Crazy Yiuf
  1173 | D:2      | Slain by Crazy Yiuf

Levels and vault maps discovered:
D:1:      lightli_arrival_noodles, layout_loops_ring
D:2:      layout_basic, lemuel_doored_altar, uniq_crazy_yiuf_cottage

Skill      XL: |  1  2  3 |
---------------+----------+-----
Spellcasting   | 5 |  5.1
Long Blades    | 1 |  1.3
Axes           | 1 |  1.3
Maces & Flails | 1 |  1.3
Polearms       | 1 |  1.3
Staves         | 1 |  1.3
Slings         | 1 |  1.3
Bows           | 1 |  1.3
Crossbows      | 1 |  1.3
Throwing       | 1 |  1.3
Stealth        | 1 |  1.3
Shields        | 1 |  1.3
Unarmed Combat | 1 |  1.3
Conjurations   | 1 |  1.1
Hexes          | 1 |  1.1
Summonings     | 1 |  1.1
Necromancy     | 1 |  1.1
Translocations | 1 |  1.1
Transmutations | 1 |  1.1
Fire Magic     | 1 |  1.1
Ice Magic      | 1 |  1.1
Air Magic      | 1 |  1.1
Earth Magic    | 1 |  1.1
Poison Magic   | 1 |  1.1
Invocations    | 1 |  1.5
Evocations     | 1 |  1.3
Fighting       | |  4.7
Short Blades   | |  4.7
Armour         | |  2.9
Dodging        | |  4.7
Charms         | |  5.5

Action                   |  1- 3 |  4- 6 || total
-------------------------+-------+-------++-------
Melee: Short sword       |    87 |    11 ||    98
       Bite              |    11 |       ||    11
 Cast: Song of Slaying   |     3 |       ||     3
       Shroud of Golubri |     7 |     1 ||     8
       Infusion          |     4 |       ||     4
       Spectral Weapon   |     1 |     1 ||     2
       Regeneration      |       |     1 ||     1
 Stab: Sleeping          |     1 |     2 ||     3
       Distracted        |     1 |     1 ||     2
  Eat: Chunk             |       |     1 ||     1
Armor: Leather armour    |    19 |       ||    19
Dodge: Dodged            |    57 |     5 ||    62
